 Dungeon Crawl Stone Soup version 0.31-a0-977-gc230f8ef24 (webtiles) character file.

Game seed: 13564642012710874650

497 zazu2006 the Fighter (level 7, 0/58 (63) HPs)
             Began as a Gnoll Wanderer on Oct 29, 2023.
             Splashed by a jelly's acid (8 damage)
             ... on level 4 of the Dungeon.
             The game lasted 00:08:59 (3764 turns).

zazu2006 the Fighter (Gnoll Wanderer)               Turns: 3764, Time: 00:09:00

HP:   0/58 (63)     AC: -11   Str: 11    XL:     7   Next: 16%
MP:   15/15         EV: 12    Int: 12    God:
Gold: 247           SH:  0    Dex: 13    Spells: 14/17 levels left

rFire   . . .        a - +1 long sword
rCold   . . .        (no shield)
rNeg    . . .        c - +0 robe
rPois   .            y - +0 helmet
rElec   .            l - +0 cloak
rCorr   .            (no gloves)
SInv    .            (no boots)
Will    +....        u - amulet of the acrobat
Stlth   ++           j - ring of willpower
HPRegen 0.29/turn    (no ring)
MPRegen 0.14/turn

%: acrobat
@: corroded, hasted, drained, very quick
A: fangs 1, strong nose, distributed training
a: no special abilities


You were on level 4 of the Dungeon.
You visited 1 branch of the dungeon, and saw 5 of its levels.
You also visited: Sewer.

You collected 247 gold pieces.

Inventory:

Hand Weapons
 a - a +1 long sword (weapon)
 A - the +1 dagger of Doom {venom, rElec rCorr}
   (You took it off a hobgoblin on level 4 of the Dungeon)

   rElec:     It insulates you from electricity.
   rCorr:     It protects you from acid and corrosion.
 B - a +3 great sword
Armour
 c - a +0 robe (worn)
 l - a +0 cloak (worn)
 y - a +0 helmet (worn)
Jewellery
 j - a ring of willpower (left hand)
 m - an amulet of faith
 u - an amulet of the acrobat (around neck)
Wands
 z - a wand of polymorph (8)
Scrolls
 d - 2 scrolls of brand weapon {unknown}
 e - 3 scrolls of poison {unknown}
 f - 3 scrolls of enchant weapon {unknown}
 g - a scroll of immolation {unknown}
 k - 4 scrolls of identify {unknown}
 o - a scroll of amnesia {unknown}
 p - 3 scrolls of teleportation {unknown}
 x - a scroll of revelation {unknown}
Potions
 h - 2 potions of heal wounds {unknown}
 i - a potion of enlightenment {unknown}
 n - a potion of curing {unknown}
 q - a potion of haste
 r - 2 potions of mutation {unknown}
 s - a potion of cancellation {unknown}
 t - 2 potions of magic {unknown}
 v - a potion of brilliance {unknown}


   Skills:
 + Level 8.9 Fighting
 + Level 2.3 Short Blades
 + Level 7.0 Long Blades
 + Level 2.3 Axes
 + Level 2.3 Maces & Flails
 + Level 2.3 Polearms
 + Level 2.3 Staves
 + Level 2.3 Ranged Weapons
 + Level 2.3 Throwing
 + Level 2.3 Armour
 + Level 2.3 Dodging
 + Level 2.3 Stealth
 + Level 2.3 Shields
 + Level 2.3 Unarmed Combat
 + Level 5.5 Spellcasting
 + Level 1.9 Conjurations
 + Level 1.9 Hexes
 + Level 1.9 Summonings
 + Level 1.9 Necromancy
 + Level 1.9 Translocations
 + Level 2.9 Transmutations
 + Level 1.9 Fire Magic
 + Level 1.9 Ice Magic
 + Level 1.9 Air Magic
 + Level 1.9 Earth Magic
 + Level 1.9 Poison Magic
 + Level 2.6 Invocations
 + Level 2.3 Evocations
 + Level 2.1 Shapeshifting


You had 14 spell levels left.
You knew the following spells:

 Your Spells              Type           Power      Damage    Failure   Level
a - Mephitic Cloud        Conj/Pois/Air  7%         N/A       26%         3

Your spell library contained the following spells:

 Spells                   Type           Power      Damage    Failure   Level
 Freeze                   Ice            28%        1d5       9%          1
 Wereblood                Tmut           10%        N/A       9%          2
 Passwall                 Tmut/Erth      7%         N/A       11%         2
 Poisonous Vapours        Pois/Air       14%        N/A       13%         2
 Frozen Ramparts          Ice            14%        1d3       26%         3
 Hailstorm                Conj/Ice       7%         3d4       26%         3
 Freezing Cloud           Conj/Ice/Air   3%         6-21      94%         5


Dungeon Overview and Level Annotations

Branches:
Dungeon (5/15)              Sewer (visited)
 Temple: D:4-7

Altars:
Kikubaaqudgha


Innate Abilities, Weirdness & Mutations

You have very sharp teeth.
Your uncanny sense of smell can sniff out nearby items.
Your experience applies equally to all skills.


Message History

You throw a javelin.
The javelin pierces through the jelly but does no damage.
The jelly is moderately wounded.
Unknown command.
Throw: 3 javelins
Press: ? - help, Shift-Dir - straight line, f/p - jelly
Aim: a jelly (moderately wounded, 90% to hit)
You throw a javelin. The javelin barely misses the jelly.
Unknown command.
That's the wrong kind of item! (Use * to select it.) Fire/throw/use which item? ([*] to toss any item) (? for menu, Esc to quit)
Throw: 2 javelins
Press: ? - help, Shift-Dir - straight line, f/p - jelly
Aim: a jelly (moderately wounded, 90% to hit)
You throw a javelin. The javelin pierces through the jelly!
The jelly is almost dead.
Unknown command.
Throw: javelin
Press: ? - help, Shift-Dir - straight line, f/p - jelly
Aim: a jelly (almost dead, 90% to hit)
You throw a javelin. The javelin pierces through the jelly.
The jelly is almost dead.
Your extra speed is starting to run out.
Unknown command.
The jelly misses you.
You feel yourself slow down.
The jelly jiggles.
The jelly hits you.
You are splashed with acid!
The jelly attacks as it pursues you! The jelly completely misses you.
You hit the jelly but do no damage.
Your hands burn!
The jelly is almost dead.
The jelly barely misses you.
You hit the jelly but do no damage.
Your hands burn!
The jelly is almost dead.
The jelly hits you.
You are splashed with acid!
* * * LOW HITPOINT WARNING * * *
You feel yourself speed up. The jelly hits you.
* * * LOW HITPOINT WARNING * * *
You are splashed with acid!
You die...

'###.......##....##....<..#......
......#######....##.......#......
......#....#..............#......
......'....#.....##.......#......
......#....'.....##########......
......#....#..............#......
......#....#..............#......
......#....#....J.........######.
......#....#....@..........# #.
........#'####...########### #.
########.....#...#.........# #.
#.....#...#.........# #.
#.....#...#.........# #.
#.....#...#.........# #.
#.....#...#.........# #.
#.....#...'.........# #.
#.....#...#.........# #.


You could see a jelly.

Vanquished Creatures
  An ice beast (D:4)
  2 wights
  4 jellies
  Jessica (D:2)
  5 adders
  A river rat (D:3)
  6 worms
  3 dart slugs
  10 ball pythons
  11 endoplasms
  5 giant cockroaches
  7 goblins
  6 hobgoblins
  4 kobolds
  6 quokkas
  3 bats
  5 frilled lizards
  7 rats
87 creatures vanquished.

Notes
Turn   | Place    | Note
-------+----------+-------------------------------------------
     0 | D:1      | zazu2006 the Gnoll Wanderer began the quest for the Orb.
     0 | D:1      | zazu2006 set off with the following items: a +1 long sword,
                  | a scroll of blinking, a +0 robe; and the following spells
                  | available to memorise: Wereblood, Passwall.
     0 | D:1      | Reached XP level 1. HP: 26/26 MP: 6/6
    79 | D:1      | Reached XP level 2. HP: 33/33 MP: 7/7
   270 | D:1      | You fall into a shaft and drop 1 floor!
   337 | D:2      | Reached XP level 3. HP: 24/38 MP: 9/9
   348 | D:2      | Reached skill level 5 in Spellcasting
   565 | D:2      | Reached skill level 1 in Invocations
   853 | D:2      | Reached skill level 1 in Short Blades
   853 | D:2      | Reached skill level 1 in Axes
   853 | D:2      | Reached skill level 1 in Maces & Flails
   853 | D:2      | Reached skill level 1 in Polearms
   853 | D:2      | Reached skill level 1 in Staves
   853 | D:2      | Reached skill level 1 in Ranged Weapons
   853 | D:2      | Reached skill level 1 in Throwing
   853 | D:2      | Reached skill level 1 in Armour
   853 | D:2      | Reached skill level 1 in Dodging
   853 | D:2      | Reached skill level 1 in Stealth
   853 | D:2      | Reached skill level 1 in Shields
   853 | D:2      | Reached skill level 1 in Unarmed Combat
   853 | D:2      | Reached skill level 1 in Evocations
   863 | D:2      | Noticed Jessica
   868 | D:2      | Killed Jessica
   869 | D:2      | Reached skill level 1 in Shapeshifting
   869 | D:2      | Reached XP level 4. HP: 45/45 MP: 11/11
  1176 | D:3      | Found a glowing drain.
  1203 | D:3      | Reached skill level 1 in Conjurations
  1203 | D:3      | Reached skill level 1 in Hexes
  1203 | D:3      | Reached skill level 1 in Summonings
  1203 | D:3      | Reached skill level 1 in Necromancy
  1203 | D:3      | Reached skill level 1 in Translocations
  1203 | D:3      | Reached skill level 1 in Fire Magic
  1203 | D:3      | Reached skill level 1 in Ice Magic
  1203 | D:3      | Reached skill level 1 in Air Magic
  1203 | D:3      | Reached skill level 1 in Earth Magic
  1203 | D:3      | Reached skill level 1 in Poison Magic
  1305 | Sewer    | Entered a sewer
  1495 | Sewer    | Reached XP level 5. HP: 47/51 MP: 12/12
  1791 | Sewer    | Found a viscous altar of Jiyva.
  1952 | D:3      | Reached XP level 6. HP: 57/57 MP: 13/13
  2111 | D:3      | Found an ancient bone altar of Kikubaaqudgha.
  2343 | D:4      | Noticed an ice beast
  2368 | D:4      | Killed an ice beast
  2902 | D:4      | Identified the +1 dagger of Doom {venom, rElec rCorr}
  3264 | D:5      | Entered Level 5 of the Dungeon
  3278 | D:4      | Reached XP level 7. HP: 38/63 MP: 15/15
  3415 | D:3      | Learned a level 3 spell: Mephitic Cloud
  3764 | D:4      | Splashed by a jelly's acid

Illustrated notes

Levels and vault maps discovered:
D:1:      dpeg_arrival_shelter, layout_loops_ring
D:2:      layout_loops_cross, grunt_decor_clamped, uniq_jessica
D:3:      layout_basic, lemuel_crystal_altar, portal_sewer_entry_a,
          kennysheep_flooded_box
D:4:      layout_gridville
D:5:      layout_rooms, nicolae_ashenzari_skybound

Skill      XL: |  1  2  3  4  5  6  7 |
---------------+----------------------+-----
Transmutations | 2 |  2.9
Spellcasting   | 5 |  5.5
Invocations    | 1 2 |  2.6
Short Blades   | 1 2 |  2.3
Axes           | 1 2 |  2.3
Maces & Flails | 1 2 |  2.3
Polearms       | 1 2 |  2.3
Staves         | 1 2 |  2.3
Ranged Weapons | 1 2 |  2.3
Throwing       | 1 2 |  2.3
Armour         | 1 2 |  2.3
Dodging        | 1 2 |  2.3
Stealth        | 1 2 |  2.3
Shields        | 1 2 |  2.3
Unarmed Combat | 1 2 |  2.3
Evocations     | 1 2 |  2.3
Shapeshifting  | 1 2 |  2.1
Conjurations   | 1 |  1.9
Hexes          | 1 |  1.9
Summonings     | 1 |  1.9
Necromancy     | 1 |  1.9
Translocations | 1 |  1.9
Fire Magic     | 1 |  1.9
Ice Magic      | 1 |  1.9
Air Magic      | 1 |  1.9
Earth Magic    | 1 |  1.9
Poison Magic   | 1 |  1.9
Long Blades    | 7 |  7.0
Fighting       | |  8.9

Action                     |  1- 3 |  4- 6 |  7- 9 || total
---------------------------+-------+-------+-------++-------
  Melee: Long sword        |    78 |   165 |    17 ||   260
         Bite              |     6 |    21 |     3 ||    30
         Punch             |     3 |     5 |     1 ||     9
  Throw: Javelin           |       |       |     4 ||     4
  Evoke: Wand              |       |     3 |     8 ||    11
    Use: Potion            |       |       |     2 ||     2
         Scroll            |       |       |     1 ||     1
   Stab: Sleeping          |     2 |     5 |       ||     7
 Armour: Robe              |    38 |    81 |    18 ||   137
  Dodge: Dodged            |    34 |   111 |    29 ||   174

Table legend: (Time is in decaauts)
 A = Elapsed time spent in this place.
 B = Non-inter-level travel time spent in this place.
 C = Inter-level travel time spent in this place.
 D = Time resting spent in this place.
 E = Time spent auto-exploring this place.
 F = Levels seen in this place.
 G = Mean time per level.
                   A        B        C        D        E       F      G
               +--------+--------+--------+--------+--------+-----+--------+
         Total |   3798 |   3692 |    106 |    498 |   2209 |   6 |  633.0 |
       Dungeon |   3230 |   3124 |    106 |    368 |   1954 |   5 |  646.0 |
         Sewer |    567 |    567 |      0 |    130 |    255 |   1 |  567.0 |
               +--------+--------+--------+--------+--------+-----+--------+

Top non-repeatable levels by time:
     D:4: 1273 daAuts
     D:2: 890 daAuts
     D:3: 665 daAuts
   Sewer: 567 daAuts
     D:1: 271 daAuts
     D:5: 129 daAuts
